% Time on Ice - PHOENIX MUSTANGS
Lines # - Real PCT - Wanted PCT - Time Play
Normal Forward
1 - 27% - 36% - 12:53
2 - 34% - 31% - 16:24
3 - 15% - 25% - 7:03
4 - 24% - 8% - 11:33
Normal Defense
1 - 32% - 36% - 15:05
2 - 37% - 31% - 17:34
3 - 27% - 23% - 13:05
4 - 4% - 10% - 2:09
PP Forward
1 - 50% - 55% - 4:41
2 - 50% - 45% - 4:37
PP Defense
1 - 61% - 55% - 5:38
2 - 39% - 45% - 3:40
PK Forward
1 - 54% - 55% - 1:04
2 - 46% - 45% - 0:55
PK Defense
1 - 40% - 55% - 0:48
2 - 60% - 45% - 1:11
PK3 Forward
1 - 0% - 55%
2 - 0% - 45%
PK3 Defense
1 - 0% - 55%
2 - 0% - 45%
44 Forward
1 - 0% - 55%
2 - 0% - 45%
44 Defense
1 - 0% - 55%
2 - 0% - 45%
Last Minute Offensive  - 0:00
Last Minute Defensive  - 0:50
Total
Forward - 60:00
Defense - 60:00
% Time on Ice - VICTORIA GLADIATORS
Lines # - Real PCT - Wanted PCT - Time Play
Normal Forward
1 - 35% - 36% - 16:35
2 - 28% - 31% - 13:18
3 - 21% - 23% - 10:04
4 - 17% - 10% - 8:01
Normal Defense
1 - 39% - 36% - 18:38
2 - 28% - 32% - 13:39
3 - 31% - 24% - 15:00
4 - 1% - 8% - 0:41
PP Forward
1 - 53% - 52% - 1:03
2 - 47% - 48% - 0:56
PP Defense
1 - 47% - 52% - 0:56
2 - 53% - 48% - 1:03
PK Forward
1 - 56% - 52% - 4:50
2 - 44% - 48% - 3:51
PK Defense
1 - 39% - 52% - 3:21
2 - 61% - 48% - 5:20
PK3 Forward
1 - 95% - 52% - 0:35
2 - 5% - 48% - 0:02
PK3 Defense
1 - 5% - 52% - 0:02
2 - 95% - 48% - 0:35
44 Forward
1 - 0% - 52%
2 - 0% - 48%
44 Defense
1 - 0% - 52%
2 - 0% - 48%
Last Minute Offensive  - 0:45
Last Minute Defensive  - 0:00
Total
Forward - 60:00
Defense - 60:00
Play-by-Play 1st period 0:01 of 1st period - Carl Soderberg wins face-off versus Nicklas Backstrom in neutral zone. 0:09 of 1st period - Nick Foligno is hit by Paul LaDue and loses puck. 0:15 of 1st period - Teuvo Teravainen is hit by Zack Smith and loses puck. 0:19 of 1st period - Nicklas Backstrom is hit by Torey Krug and loses puck. 0:37 of 1st period - Torey Krug is hit by Paul LaDue and loses puck. 2:23 of 1st period - Shot by Frans Nielsen. 2:23 of 1st period - Shot Blocked by Tomas Hyka. 3:29 of 1st period - Nick Foligno is hit by Kevin Labanc and loses puck. 3:40 of 1st period - Shot by Nick Foligno. 3:40 of 1st period - Deflect By Carl Soderberg. 3:40 of 1st period - Stopped by Corey Crawford without a rebound. 3:41 of 1st period - Lars Eller wins face-off versus Nicklas Backstrom in PHOENIX MUSTANGS zone. 4:03 of 1st period - Shot by Mikkel Boedker. 4:03 of 1st period - Stopped by Corey Crawford with a rebound. 4:41 of 1st period - Marcus Foligno is hit by Paul LaDue and loses puck. 4:50 of 1st period - Alexander Steen is hit by Marcus Foligno and loses puck. 5:50 of 1st period - Icing by Jake Gardiner. 5:51 of 1st period - Jeff Carter wins face-off versus Carl Soderberg in PHOENIX MUSTANGS zone. 7:07 of 1st period - Shot by Kevin Hayes. 7:07 of 1st period - Deflect By Phil Kessel. 7:07 of 1st period - Stopped by Jack Campbell without a rebound. 7:08 of 1st period - Patrick Maroon wins face-off versus Andrew Copp in VICTORIA GLADIATORS zone. 7:19 of 1st period - Riley Sheahan is hit by Gavin Bayreuther. 7:21 of 1st period - Shot by Jason Spezza. 7:21 of 1st period - Shot Misses the Net. 7:58 of 1st period - Zack Smith is hit by Nicklas Backstrom and loses puck. 8:18 of 1st period - Icing by Carl Soderberg. 8:19 of 1st period - Carl Soderberg wins face-off versus Kevin Hayes in VICTORIA GLADIATORS zone. 8:57 of 1st period - Icing by Torey Krug. 8:58 of 1st period - Lars Eller wins face-off versus Nicklas Backstrom in VICTORIA GLADIATORS zone. 9:54 of 1st period - Shot by Alex Iafallo. 9:54 of 1st period - Stopped by Corey Crawford without a rebound. 9:55 of 1st period - Kevin Hayes wins face-off versus Carl Soderberg in PHOENIX MUSTANGS zone. 10:06 of 1st period - Shot by Alexander Steen. 10:06 of 1st period - Deflect By Phil Kessel. 10:06 of 1st period - Shot Blocked by Dion Phaneuf. 10:08 of 1st period - Shot by Fredrik Claesson. 10:08 of 1st period - Stopped by Jack Campbell without a rebound. 10:09 of 1st period - Andrew Copp wins face-off versus Jason Spezza in VICTORIA GLADIATORS zone. 10:31 of 1st period - Off-side. 10:32 of 1st period - Carl Soderberg wins face-off versus Alexander Steen in neutral zone. 11:48 of 1st period - Shot by Jesper Fast. 11:48 of 1st period - Stopped by Jack Campbell without a rebound. 11:49 of 1st period - Frans Nielsen wins face-off versus Nicklas Backstrom in VICTORIA GLADIATORS zone. 11:57 of 1st period - Icing by Teuvo Teravainen. 11:58 of 1st period - Nicklas Backstrom wins face-off versus Jason Spezza in PHOENIX MUSTANGS zone. 11:58 of 1st period - Nicklas Backstrom is hit by Patrick Maroon. 12:08 of 1st period - Shot by Teuvo Teravainen. 12:08 of 1st period - Deflect By Jeff Carter. 12:08 of 1st period - Shot Misses the Net. 13:18 of 1st period - Shot by Kevin Hayes. 13:18 of 1st period - Shot Hit the Post. 13:20 of 1st period - Shot by Kevin Hayes. 13:20 of 1st period - Shot Misses the Net. 13:22 of 1st period - Shot by Alexander Steen. 13:22 of 1st period - Shot Misses the Net. 13:24 of 1st period - Shot by Gavin Bayreuther. 13:24 of 1st period - Goal by Gavin Bayreuther - PHOENIX MUSTANGS : 1 - VICTORIA GLADIATORS : 0. 13:25 of 1st period - Andrew Copp wins face-off versus Lars Eller in neutral zone. 14:03 of 1st period - Shot by Lars Eller. 14:03 of 1st period - Shot Misses the Net. 14:05 of 1st period - Shot by Dion Phaneuf. 14:05 of 1st period - Stopped by Corey Crawford without a rebound. 14:06 of 1st period - Carl Soderberg wins face-off versus Jeff Carter in PHOENIX MUSTANGS zone. 14:20 of 1st period - Shot by Carl Soderberg. 14:20 of 1st period - Shot Misses the Net. 15:24 of 1st period - Shot by Marcus Foligno. 15:24 of 1st period - Shot Misses the Net. 15:26 of 1st period - Shot by Marcus Foligno. 15:26 of 1st period - Shot Misses the Net. 15:50 of 1st period - Shot by Alexander Steen. 15:50 of 1st period - Shot Blocked by Ryan Stanton. 16:06 of 1st period - Shot by Alexander Steen. 16:06 of 1st period - Deflect By Kevin Hayes. 16:06 of 1st period - Stopped by Jack Campbell without a rebound. 16:07 of 1st period - Andrew Ladd wins face-off versus Carl Soderberg in VICTORIA GLADIATORS zone. 17:10 of 1st period - Off-side. 17:11 of 1st period - Kevin Hayes wins face-off versus Lars Eller in neutral zone. 17:19 of 1st period - Minor Penalty to T.J. Brennan for High sticking. 17:20 of 1st period - Lars Eller wins face-off versus Kevin Hayes in VICTORIA GLADIATORS zone. 17:30 of 1st period - Alexander Steen is hit by Dion Phaneuf and loses puck. 18:12 of 1st period - Icing by Jeff Carter. 18:13 of 1st period - Jeff Carter wins face-off versus Lars Eller in PHOENIX MUSTANGS zone. 19:00 of 1st period - Shot by Kevin Hayes. 19:00 of 1st period - Stopped by Jack Campbell without a rebound. 19:01 of 1st period - Kevin Hayes wins face-off versus Riley Sheahan in VICTORIA GLADIATORS zone. 19:43 of 1st period - Tomas Hyka is hit by Torey Krug and loses puck. 19:48 of 1st period - Shot by Tomas Hyka. 19:48 of 1st period - Stopped by Jack Campbell without a rebound. 19:49 of 1st period - Nicklas Backstrom wins face-off versus Frans Nielsen in